[Event "44th Chess Olympiad Women 2022"]
[Site "Chennai"]
[Date "2022.08.06"]
[Round "8.50"]
[White "Ahmad Murad, Fatema Alzahraa."]
[Black "Garcia, Andrea Nicole"]
[Result "1-0"]
[WhiteElo "1791"]
[BlackElo "1631"]
[Annotator "NA RC"]
[PlyCount "65"]
[EventDate "2022.??.??"]
[TimeControl "60"]

1. d4 d5 2. c4 e6 3. Nc3 Nf6 4. Nf3 Nbd7 5. Bg5 Be7 6. e3 c6 7. Be2 O-O 8. O-O dxc4 9. Bxc4 b5 10. Bd3 a6 11. Qe2 Bb7 12. Rfd1 Nd5 13.
Bxe7 Qxe7 14. Rac1 Rac8 15. a4 Nxc3 16. Rxc3 g6 17. Rdc1 f5 18. e4 Qf6 19. exf5 exf5 20. Ne5 Nxe5 21. dxe5 Qe6 22. Qe3 Kg7 23. Qb6 Rf7 24. axb5 axb5 25. Bxb5 Qxe5 26. Bc4 Re7 27. Re3 Qf6 28. Rxe7+ Qxe7 29. Qd4+ Kh6 30. Rc3 Qe1+ 31. Bf1 Qe4 32. Qf6 f4 33. Rh3# 1-0

[Event "44th Chess Olympiad Women 2022"]
[Site "Chennai"]
[Date "2022.08.06"]
[Round "8.50"]
[White "Khalil, Manar"]
[Black "Maradiaga, Cesia"]
[Result "1-0"]
[WhiteElo "1831"]
[BlackElo "1533"]
[Annotator "NA RC"]
[PlyCount "113"]
[EventDate "2022.??.??"]
[TimeControl "60"]

1. e4 e5 2. Nf3 Nc6 3. d4 exd4 4. Bc4 Bb4+ 5. c3 dxc3 6.
bxc3 Ba5 7. Bg5 Nf6 8. e5 h6 9. exf6 hxg5 10. Qe2+ Kf8 11.
fxg7+ Kxg7 12. O-O g4 13. Ne5 Qh4 14. Qxg4+ Qxg4 15. Nxg4 d6 16. Ne3 Be6 17. Bb3 Rag8 18. Rc1 Ne5 19. Nd2 Nd3 20. Rc2 Kf8 21. Ndc4 Rh5 22. Rd1 Nf4 23. Nxa5 Rxa5 24. g3 Bf5 25. Nxf5 Rxf5 26. Kf1 Nh3 27. Bd5 Ng5 28. Bxb7 Rh8 29. h4 Ne6 30. Rd5 Rf6 31. Ra5 Nc5 32. Rxa7 Rh5 33. Bg2 Re5 34. Re2 Ref5 35. Rxc7 Nd3 36. f3 Ne5 37. f4 Ng4 38. Bh3 Rg6 39. Bxg4 Rxg4 40. Kf2 Rg6 41. a4 Ra5 42. Ree7 Rf6 43. Ra7 Rc5 44. Rec7 Rd5 45. a5 Rd2+ 46. Ke3 Ra2 47. a6 Kg7 48. Ra8 Re6+ 49. Kf3 Ra1 50. a7 d5 51. Rd8 Rea6 52. Rxd5 Rxa7 53. Rdd7 Rxc7 54. Rxc7 Ra5 55. g4 Kg6 56. h5+ Kg7 57. g5 1-0

[Event "44th Chess Olympiad Women 2022"]
[Site "Chennai"]
[Date "2022.08.06"]
[Round "8.50"]
[White "Mejia, Camila"]
[Black "Mahmoud, Roula"]
[Result "0-1"]
[WhiteElo "1330"]
[BlackElo "1765"]
[Annotator "NA RC"]
[PlyCount "104"]
[EventDate "2022.??.??"]
[TimeControl "60"]

1. e4 c5 2. Nf3 e6 3. Bc4 a6 4. a4 Nc6 5. Nc3 Nf6 6. O-O d5 7. exd5 exd5 8.
Ba2 Be7 9. d4 O-O 10. dxc5 d4 11. Ne2 Bxc5 12. h3 h6 13. b3 Qd6 14. Bb2 Rd8 15. Nexd4 Nxd4 16. Nxd4 Bxd4 17. Bxd4 Qxd4 18. Qxd4 Rxd4 19. c3 Rd3 20. c4 Be6 21. Rfd1 Rad8 22. Rxd3 Rxd3 23. f3 Nd7 24. Kf1 Rd2 25. f4 Nc5 26. g4 Bd7 27. f5 Bc6 28. h4 Rh2 29. Kg1 Rh1+ 30.
Kf2 Rxa1 31. b4 Rxa2+ 32. Ke3 Nxa4 33. b5 axb5 34. cxb5 Bxb5 35. g5 Nc5 36. f6 Rh2 37. fxg7 Rxh4 38. gxh6 Rxh6 39. Kd4 b6 40. Kd5 f5 41. Ke5 Kxg7 42. Kxf5 Re6 43. Kf4 Kf6 44. Kg4 Re4+ 45. Kf3 Kg5 46. Kg3 Re3+ 47. Kf2 Kf4 48. Kg2 Ne4 49. Kh2 Rg3 50. Kh1 Nf2+ 51. Kh2 Ng4+ 52. Kh1 Bc6# 0-1

[Event "44th Chess Olympiad Women 2022"]
[Site "Chennai"]
[Date "2022.08.06"]
[Round "8.51"]
[White "Ben Said, Safa"]
[Black "Mwango, Lorita"]
[Result "1-0"]
[WhiteElo "1564"]
[BlackElo "1920"]
[Annotator "NA RC"]
[PlyCount "69"]
[EventDate "2022.??.??"]
[TimeControl "60"]

1. e4 c6 2. d4 d5 3. Nd2 g6 4. Ngf3 Bg7 5. c3 e6 6. Bd3 Ne7 7. O-O O-O 8. Re1 b6 9. Nf1 Ba6 10. Bc2 Bxf1 11. Kxf1 Qc7 12. Bg5 Re8 13. Qd2 Nd7 14. Bh6 Kh8 15. e5 Ng8 16. Bxg7+ Kxg7 17. Qg5 Qd8 18. Qg3 c5 19. h4 Rc8 20. h5 cxd4 21. hxg6 hxg6 22. Nxd4 a6 23. Re3 Nf8 24. Qf4 f5 25. exf6+ Qxf6 26. Qg3 Nh7 27. Rae1 Ng5 28. Re5 Ne4 29. Bxe4 dxe4 30. R1xe4 Qf7 31. Nxe6+ Rxe6 32. Rxe6 Nf6 33. Re7 Nxe4 34. Rxf7+ Kxf7 35. Qf3+ 1-0

[Event "44th Chess Olympiad Women 2022"]
[Site "Chennai"]
[Date "2022.08.06"]
[Round "8.51"]
[White "Bwalya Mulwale, Lubuuto"]
[Black "Laaribi, Mariem"]
[Result "1-0"]
[WhiteElo "1751"]
[BlackElo "1278"]
[Annotator "NA RC"]
[PlyCount "55"]
[EventDate "2022.??.??"]
[TimeControl "60"]

1. c4 f5 2. Nc3 e6 3. d4 Nf6 4. Bg5 Bb4 5. e3 b6 6. Be2 O-O 7. Bf3 Bxc3+ 8.
bxc3 d5 9. cxd5 exd5 10. c4 Bb7 11. Qc2 Qd7 12. Ne2 Ne4 13.
Bf4 c5 14. Bxe4 dxe4 15. Rd1 Qc6 16. O-O Nd7 17. d5 Qg6 18.
f3 Rfe8 19. Nc3 exf3 20. Rxf3 Rf8 21. Nb5 Bc8 22. Nc7 Rb8 23. Ne6 Rb7 24. Rg3 Qf6 25. Rxg7+ Kh8 26. Qe2 Rg8 27. Rxh7+ Kxh7 28. Qh5+ 1-0

[Event "44th Chess Olympiad Women 2022"]
[Site "Chennai"]
[Date "2022.08.06"]
[Round "8.51"]
[White "Hwass Zeineb"]
[Black "Mbatha, Constance"]
[Result "0-1"]
[WhiteElo "1386"]
[BlackElo "1614"]
[Annotator "NA RC"]
[PlyCount "124"]
[EventDate "2022.??.??"]
[TimeControl "60"]

1. d4 d5 2. Bf4 Nf6 3. Nf3 e6 4. e3 c5 5. c3 Nc6 6. Nbd2 Bd7 7. Bd3 c4 8. Bc2 Be7 9. Qe2 b5 10. e4 O-O 11. O-O Ne8 12. exd5 exd5 13. Ne5 g6 14. Bh6 Ng7 15. f4 Re8 16. Qf3 Nxe5 17. fxe5 Be6 18. Qe3 a5 19. Nf3 b4 20. Ng5 Qd7 21. Qf4 Rf8 22. Qh4 Qd8 23.
Rf2 Ra6 24. Raf1 b3 25. axb3 cxb3 26. Bd3 Rb6 27. g4 a4 28. Rf6 Bxg4 29. Bxg7 Bh5 30. Rxb6 Bxg5 31. Qh3 Kxg7 32. Rd6 Qa8 33. Qg2 Bh6 34. Qxd5 Qe8 35. Qb7 Be3+ 36. Kg2 g5 37. Bb5 Qa8 38. Qxa8 Rxa8 39. Ra6 Rxa6 40. Bxa6 a3 41. bxa3 b2 42. Bd3 Bc1 43. Bb1 Bg6 44. Ba2 Bd2 45. c4 Bc3 46. d5 Bxe5 47. Bb1 Bh5 48.
Rf2 Bd6 49. a4 Bd1 50. a5 Bb3 51. Bd3 Bxc4 52. Bb1 Bxd5+ 53. Kf1 Be5 54. Rf5 f6 55. Ke2 Bc4+ 56. Kd2 Be6 57. a6 Bxf5 58. a7 Bxb1 59. a8=Q Bg6 60. Qb7+ Kh6 61. Qb3 b1=Q 62. Qxb1 Bxb1 0-1

[Event "44th Chess Olympiad Women 2022"]
[Site "Chennai"]
[Date "2022.08.06"]
[Round "8.51"]
[White "Likando Namakau"]
[Black "Mefteh, Meyssem"]
[Result "0-1"]
[WhiteElo "1544"]
[BlackElo "1254"]
[Annotator "NA RC"]
[PlyCount "82"]
[EventDate "2022.??.??"]
[TimeControl "60"]

1. e4 c5 2. Nf3 d6 3. d4 cxd4 4. Nxd4 Nf6 5. Nc3 Nc6 6. Be2 Bd7 7. O-O g6 8. Be3 Bg7 9. Kh1 O-O 10. f4 Rc8 11. Qd2 a6 12. f5 Ne5 13. h3 b5 14. Bd3 Nc4 15. Qc1 Ne5 16. a3 Bc6 17. Nxc6 Rxc6 18. Qe1 Nc4 19. Rb1 Nd7 20. Nd1 Nde5 21. Qe2 Qc7 22. c3 Rd8 23. Bd4 Nxd3 24. Qxd3 d5 25. Nf2 dxe4 26. Nxe4 gxf5 27. Qg3 Qxg3 28. Nxg3 Nd2 29. Nxf5 Bf8 30. Rf4 Nxb1 31. Rg4+ Rg6 32. Re4 Nd2 33. Nxe7+ Bxe7 34. Rxe7 Nb3 35. Bg1 Rd1 36. Kh2 Rd2 37. Re8+ Kg7 38. Ba7 Rgxg2+ 39. Kh1 Rh2+ 40. Kg1 Rdg2+ 41. Kf1 Nd2+ 0-1

[Event "44th Chess Olympiad Women 2022"]
[Site "Chennai"]
[Date "2022.08.06"]
[Round "8.52"]
[White "Ayele, Hana Mulugeta"]
[Black "Ray, Hiya"]
[Result "0-1"]
[WhiteElo "1437"]
[BlackElo "1586"]
[Annotator "NA RC"]
[PlyCount "108"]
[EventDate "2022.??.??"]
[TimeControl "60"]

1. e4 c5 2. Nf3 Nc6 3. Bc4 e6 4. Nc3 Nf6 5. d3 a6 6. a3 b5 7. Ba2 Bb7 8. Bg5 h6 9. Bh4 g5 10. Bg3 Nh5 11. h3 Nxg3 12. fxg3 Bd6 13. Ne2 Qc7 14. Kf2 O-O-O 15. g4 Ne5 16. c3 f5 17. Nxe5 Bxe5 18.
gxf5 exf5 19. exf5 Rdf8 20. Rf1 Rxf5+ 21. Ke3 Bf4+ 22. Nxf4 Rxf4 23. Rg1 Re8+ 24. Kd2 Rf2+ 25. Kc1 Qf4+ 26. Kb1 Ree2 27. Qc1 Qg3 28. Bb3 Qxd3+ 29. Ka2 Qd2 30. Qxd2 Rxd2 31. Rab1 c4 32. Bd1 Be4 33. Bf3 Bxb1+ 34. Rxb1 d5 35. a4 b4 36. cxb4 c3 37. Kb3 Rxb2+ 38. Rxb2 cxb2 39. Ka2 Rd2 40. Kb1 Kc7 41. g3 Kc6 42. h4 Rd4 43. b5+ axb5 44. axb5+ Kxb5 45. Kxb2 gxh4 46. gxh4 Rxh4 47. Bxd5 Rd4 48. Bf3 Kc5 49. Kc3 Rd6 50. Be2 Kc6 51. Bd3 h5 52. Kd2 h4 53. Ke3 Rxd3+ 54. Kxd3 h3 0-1

[Event "44th Chess Olympiad Women 2022"]
[Site "Chennai"]
[Date "2022.08.06"]
[Round "8.52"]
[White "Bagga, Khushi"]
[Black "Mekonen, Selemawit Kidanemar"]
[Result "0-1"]
[WhiteElo "1328"]
[BlackElo "1263"]
[Annotator "NA RC"]
[PlyCount "24"]
[EventDate "2022.??.??"]
[TimeControl "60"]

1. e4 c5 2. d4 cxd4 3. Qxd4 Nc6 4. Qd2 Nf6 5. Nc3 e6 6. Bd3 d5 7. exd5 exd5 8. Nge2 Bb4 9. a3 Ba5 10. b4 Bc7 11. O-O Qd6 12. Nb5 Qxh2# 0-1

[Event "44th Chess Olympiad Women 2022"]
[Site "Chennai"]
[Date "2022.08.06"]
[Round "8.52"]
[White "Chong, Kimberly"]
[Black "Bantiwalu, Aster Melake"]
[Result "1-0"]
[WhiteElo "1741"]
[BlackElo "1425"]
[Annotator "NA RC"]
[PlyCount "117"]
[EventDate "2022.??.??"]
[TimeControl "60"]

1. e4 e5 2. Nf3 Nc6 3. Bc4 h6 4. d4 exd4 5. Nxd4 Ne5 6. Bb3 Bc5 7. Nc3 d6 8. Nf5 Bxf5 9. exf5 Nf6 10. O-O O-O 11. Be3 Bb6 12. a4 c6 13. Ne2 d5 14. a5 Bc7 15. Bc5 Re8 16. f4 Ned7 17. Bf2 Ne4 18.
Be1 a6 19. c4 dxc4 20. Bxc4 Qe7 21. b4 Rad8 22. Qc2 Qf6 23. Rd1 Qxf5 24. Ng3 Nxg3 25. Bd3 Ne4 26. Bh4 f6 27. Rde1 Qg4 28. Bxe4 Qxh4 29. Bh7+ Kh8 30. g3 Qh5 31. Bg6 Qd5 32. Rxe8+ Rxe8 33. Bxe8 Qd4+ 34. Qf2 Qd6 35. Bxd7 Qxd7 36. Re1 Kg8 37. Qe3 Kf8 38. Qf2 Kf7 39. Qa2+ Kf8 40. Qe2 c5 41. Rd1 Qc6 42. Rc1 Bd6 43. Qf2 c4 44. Qd4 Be7 45. Rxc4 Qe6 46. Qe4 Qg4 47. Kg2 Qd7 48. Qc2 Qd5+ 49. Kg1 Qd7 50. Rc8+ Kf7 51. Qc4+ Kg6 52. Qc2+ Kf7 53. Qc4+ Kg6 54. Rc7 Qd1+ 55. Kg2 Qd2+ 56. Kh3 Qxb4 57. Qe6 Bf8 58. Qf7+ Kf5 59. g4+ 1-0

[Event "44th Chess Olympiad Women 2022"]
[Site "Chennai"]
[Date "2022.08.06"]
[Round "8.52"]
[White "Haile, Lidet Abate"]
[Black "Smith, Olivia"]
[Result "0-1"]
[WhiteElo "1624"]
[BlackElo "2038"]
[Annotator "NA RC"]
[PlyCount "92"]
[EventDate "2022.??.??"]
[TimeControl "60"]

1. e4 e5 2. Nf3 Nf6 3. Nc3 Bb4 4. d3 O-O 5. Bg5 Re8 6. Be2 c6 7. O-O d6 8. a3 Ba5 9. b4 Bc7 10. h3 Nbd7 11. Qd2 Nf8 12. Nd1 Ne6 13.
Re1 h6 14. Bh4 Nf4 15. Bf1 g5 16. Bg3 N6h5 17. Ne3 Qf6 18. Nh2 Kh7 19. Nhg4 Qg6 20. c4 Ng7 21. Rac1 h5 22. Nh2 f5 23. exf5 Nxf5 24. Nxf5 Bxf5 25. Bxf4 gxf4 26. Kh1 Rg8 27. Nf3 Qf6 28. Be2 Rg7 29. Rg1 Rag8 30. Rce1 d5 31. c5 e4 32. dxe4 dxe4 33. Qd4 Qe7 34. Bc4 Rd8 35. Qc3 h4 36. Nh2 Be5 37. Qc2 Rd4 38. Qe2 Bg6 39. Ng4 Bc7 40. Rd1 Rxd1 41. Qxd1 Bh5 42. Re1 Bxg4 43. hxg4 h3 44. gxh3 Qh4 45. Bf1 Qxf2 46. Rxe4 f3 0-1

[Event "44th Chess Olympiad Women 2022"]
[Site "Chennai"]
[Date "2022.08.06"]
[Round "8.53"]
[White "Ioannides Liu, Alice"]
[Black "Kojima, Natsumi"]
[Result "0-1"]
[WhiteElo "1292"]
[BlackElo "1782"]
[Annotator "NA RC"]
[PlyCount "110"]
[EventDate "2022.??.??"]
[TimeControl "60"]

1. e4 e6 2. d4 d5 3. exd5 exd5 4. Nf3 Nc6 5. Be2 Nf6 6. O-O Be7 7. c3 h6 8. Re1 Be6 9. Nbd2 O-O 10. Nf1 Bd6 11. Ne3 Ne4 12. Qb3 Rb8 13.
Nd2 Bxh2+ 14. Kf1 Qh4 15. Nxe4 dxe4 16. Qc2 Bd6 17. Bb5 Bd7 18. b3 Qh1+ 19. Ke2 Qh5+ 20. Kd2 Qxb5 21. Qxe4 Rbe8 22. Qc2 Bf4 23. Bb2 Qg5 24. Qd3 Bf5 25. Qf1 Bg6 26. Bc1 Rd8 27. Kd1 Rfe8 28. Bd2 Bxe3 29. Bxe3 Qa5 30. Bd2 Qf5 31. Rc1 Rxe1+ 32. Qxe1 Qg4+ 33. f3 Qxg2 34. Qe3 Qf1+ 35. Be1 Qd3+ 36. Qxd3 Bxd3 37. Kd2 Bf5 38. Bg3 Rd7 39. Re1 Kf8 40. Bf4 Nd8 41. Re5 Bg6 42. Rc5 c6 43. Re5 Ne6 44. Bg3 Ng5 45. Re3 Rd5 46. Ke2 Ne6 47. Be5 f6 48. Bxf6 gxf6 49. Rxe6 Kf7 50. Re3 Rh5 51. Kd1 Rh2 52. Re2 Rxe2 53. Kxe2 Bb1 54. a3 Ba2 55. b4 Bd5 0-1

[Event "44th Chess Olympiad Women 2022"]
[Site "Chennai"]
[Date "2022.08.06"]
[Round "8.53"]
[White "Misawa, Yuki"]
[Black "Bouzana, Christina"]
[Result "1/2-1/2"]
[WhiteElo "1587"]
[BlackElo "1079"]
[Annotator "NA RC"]
[PlyCount "62"]
[EventDate "2022.??.??"]
[TimeControl "60"]

1. d4 Nf6 2. Nf3 d5 3. c4 e6 4. Nc3 c5 5. Bg5 Be7 6. e3 Nc6 7. dxc5 dxc4 8. Bxc4 O-O 9. Qe2 Nd7 10. Bxe7 Qxe7 11. O-O Nxc5 12. a3 Nd7 13. Rac1 Nde5 14. Ba2 b6 15. Bb1 Bb7 16. Nxe5 Nxe5 17. Qh5 Ng6 18. Rfd1 Rfd8 19. Qg4 Qh4 20. Qg3 Qxg3 21. hxg3 Rac8 22. Ba2 Bc6 23. f4 Rxd1+ 24. Rxd1 Ne7 25. Kf2 h6 26. Bb3 Kh7 27. Ne2 Kg6 28. Nd4 Be4 29. Rd2 Rd8 30. Bc2 Bxc2 31. Rxc2 Rc8 1/2-1/2

[Event "44th Chess Olympiad Women 2022"]
[Site "Chennai"]
[Date "2022.08.06"]
[Round "8.53"]
[White "Sakai, Azumi"]
[Black "Markidou, Christianna"]
[Result "0-1"]
[WhiteElo "1759"]
[BlackElo "1701"]
[Annotator "NA RC"]
[PlyCount "186"]
[EventDate "2022.??.??"]
[TimeControl "60"]

1. d4 d5 2. c4 e6 3. Nc3 Nf6 4. cxd5 exd5 5. Bg5 c6 6. e3 Nbd7 7. Bd3 Be7 8. Qc2 O-O 9. Nf3 Re8 10. O-O h6 11. Bh4 Ne4 12. Bxe7 Qxe7 13. Rab1 Ndf6 14. h3 Bf5 15. b4 Qe6 16. Ne2 g5 17. h4 Bg4 18.
hxg5 hxg5 19. Ne5 Bxe2 20. Bxe2 Kg7 21. Rfc1 Nd7 22. Nxd7 Qxd7 23. b5 Rac8 24. bxc6 bxc6 25. Ba6 Rc7 26. Bb5 Qe6 27. Bd3 Nf6 28. Rb3 Ne4 29. Ra3 Qd6 30. Ra6 Rh8 31. Bxe4 Qh2+ 32. Kf1 dxe4 33. Qd1 Qh1+ 34. Ke2 Qxg2 35. Qg1 Qf3+ 36. Kd2 f6 37. a4 Rb8 38. Rc2 Rb6 39. Ra5 Rbb7 40. Rac5 Rb4 41. a5 a6 42. Qg3 Qxg3 43.
fxg3 Rb5 44. Ke2 Rxc5 45. Rxc5 Kf7 46. d5 Ke7 47. dxc6 Kd6 48.
Rc4 Rxc6 49. Rxe4 Rc2+ 50. Kd3 Ra2 51. Rd4+ Ke6 52. Re4+ Kf7 53. g4 Rxa5 54. Rb4 Ra1 55. Kc2 a5 56. Re4 Ra3 57. Kb2 Rd3 58.
Kc2 Rd6 59. Ra4 Re6 60. Kd3 Re5 61. Ke2 Kg6 62. Kf2 Kf7 63.
Ke2 Ke6 64. Rd4 Rb5 65. Ra4 Kd5 66. Kd3 Kc5 67. Kc3 Kb6 68.
Rd4 Rc5+ 69. Kb3 Kb5 70. Re4 Re5 71. Rd4 Rxe3+ 72. Kb2 Rf3 73. Rd5+ Kb4 74. Rd4+ Kc5 75. Ra4 Kb5 76. Rd4 Rf4 77. Rd6 a4 78.
Re6 Kc5 79. Ra6 Kd5 80. Kc3 Ke4 81. Rxa4+ Kf3 82. Ra6 Kxg4 83. Kd3 f5 84. Ke3 Kg3 85. Rg6 g4 86. Rh6 Rf3+ 87. Ke2 Kg2 88.
Rh5 f4 89. Rg5 g3 90. Rg4 Rf2+ 91. Ke1 f3 92. Rg5 Re2+ 93. Kd1 Re7 0-1

[Event "44th Chess Olympiad Women 2022"]
[Site "Chennai"]
[Date "2022.08.06"]
[Round "8.53"]
[White "Sokolova, Victoria"]
[Black "Mitsuyama, Rikka"]
[Result "0-1"]
[WhiteElo "1193"]
[BlackElo "1157"]
[Annotator "NA RC"]
[PlyCount "58"]
[EventDate "2022.??.??"]
[TimeControl "60"]

1. e4 e5 2. Nf3 Nc6 3. Bc4 Bc5 4. c3 Nf6 5. d4 exd4 6. cxd4 Bb4+ 7. Bd2 Bxd2+ 8. Nbxd2 d5 9. exd5 Nxd5 10. O-O O-O 11. Re1 Bg4 12. Qb3 Nb6 13. Re4 Bxf3 14. Nxf3 Na5 15. Bxf7+ Rxf7 16. Qe6 Qd5 17. Qg4 Nc6 18. Rae1 Raf8 19. Qh4 Qf5 20. Re8 Rxe8 21. Rxe8+ Rf8 22. Re1 h6 23. Qg3 Nd5 24. Nh4 Qf4 25. Nf3 Nxd4 26. Nxd4 Qxd4 27. h3 Qf4 28. Re5 Qxg3 29. fxg3 c6 0-1

[Event "44th Chess Olympiad Women 2022"]
[Site "Chennai"]
[Date "2022.08.06"]
[Round "8.54"]
[White "Ahmed, Najla"]
[Black "Nakabo, Peninah"]
[Result "0-1"]
[WhiteElo "1176"]
[BlackElo "1747"]
[Annotator "NA RC"]
[PlyCount "77"]
[EventDate "2022.??.??"]
[TimeControl "60"]

1. c4 e6 2. g3 d5 3. Bg2 Nf6 4. Nf3 c5 5. O-O Nc6 6. d3 Be7 7. Nc3 d4 8. Nb1 O-O 9. Bd2 e5 10. Ne1 Be6 11. Nc2 Qc8 12. Re1 Bh3 13. Bh1 Re8 14. Bg5 h6 15. Bxf6 Bxf6 16. Nd2 Be7 17. e3 Bd6 18. Ne4 Bf8 19. Bg2 Bxg2 20. Kxg2 Qf5 21. Qf3 Qg6 22. Rad1 f5 23. Nd2 e4 24. Qe2 Ne5 25. Qf1 Nxd3 26. Re2 Nxb2 27. exd4 Nxd1 28. Qxd1 cxd4 29. Nxd4 Rad8 30. Nc2 Bc5 31. Qe1 Qc6 32. Kg1 Rd3 33. Ne3 Bxe3 34. Rxe3 Red8 35. Rxd3 Rd7 36. Rd4 Rxd4 37. Qe2 Rd3 38. Nf1 Qxc4 39. a3 0-1

[Event "44th Chess Olympiad Women 2022"]
[Site "Chennai"]
[Date "2022.08.06"]
[Round "8.55"]
[White "Ntsielo, Bonolo"]
[Black "Cho, Yeonhee"]
[Result "1-0"]
[WhiteElo "1413"]
[BlackElo "1427"]
[Annotator "NA RC"]
[PlyCount "70"]
[EventDate "2022.??.??"]
[TimeControl "60"]

1. Nf3 d5 2. g3 Bg4 3. Bg2 c6 4. h3 Bh5 5. d3 Nd7 6. Nbd2 e5 7. c4 Ngf6 8. Nh2 Bd6 9. O-O O-O 10. Re1 a5 11. a3 Qc7 12. cxd5 cxd5 13. Ndf1 Nb6 14. Bg5 Be7 15. Rc1 Qd6 16. Qb3 h6 17. Bxf6 Bxf6 18.
Rc2 Rfc8 19. Rec1 Rxc2 20. Rxc2 Bg6 21. Nd2 Bd8 22. Ng4 Bf5 23. Ne3 Be6 24. Qa2 Rb8 25. Qb1 Nd7 26. Qc1 Nf6 27. b3 Be7 28. a4 Qb4 29. Kh2 b5 30. axb5 Qxb5 31. h4 Bb4 32. Nd1 Bxd2 33. Qxd2 Qxb3 34. Rb2 Qxb2 35. Nxb2 Rb5 1-0

[Event "44th Chess Olympiad Women 2022"]
[Site "Chennai"]
[Date "2022.08.06"]
[Round "8.55"]
[White "Park, Haneul"]
[Black "Reitumetse Taioe"]
[Result "1-0"]
[WhiteElo "1531"]
[BlackElo "1180"]
[Annotator "NA RC"]
[PlyCount "151"]
[EventDate "2022.??.??"]
[TimeControl "60"]

1. d4 e6 2. c4 Nf6 3. Nf3 d5 4. Nc3 Be7 5. Bf4 O-O 6. e3 c5 7. Be2 Nc6 8. O-O b6 9. Rc1 Bb7 10. cxd5 exd5 11. Re1 Rc8 12. Bd3 Re8 13. Bf5 Ra8 14. Nb5 Rf8 15. Bc7 Qe8 16. Nd6 Bxd6 17. Bxd6 Ne7 18. Qc2 g6 19. Bh3 c4 20. b3 b5 21. bxc4 dxc4 22. e4 Qd8 23. Be5 Nc6 24. Rb1 Ba6 25.
Bf4 Nxd4 26. Nxd4 Qxd4 27. Rbd1 Qc5 28. Bd6 Qc6 29. Bxf8 Rxf8 30. e5 Nd5 31. Qe4 Bb7 32. e6 Re8 33. exf7+ Kxf7 34. Qf3+ Kg7 35. g3 Rxe1+ 36. Rxe1 Qb6 37. Be6 Nf6 38. Qe2 Qc6 39. f3 Qxf3 40. Qxf3 Bxf3 41. Re5 Bc6 42. Rc5 Be8 43. Rc7+ Kf8 44. Rxa7 h5 45. a4 bxa4 46. Bxc4 Ne4 47. Bd3 Nd6 48. Bc2 Nf5 49. Bxa4 Bxa4 50. Rxa4 Kg7 51. Kf2 Kh6 52. Kf3 Ne7 53. Kf4 Nd5+ 54. Ke5 Ne3 55. h3 Nf5 56. Ra3 Kg5 57. Rf3 h4 58. g4 Ng3 59. Rf2 Nh1 60.
Rg2 Ng3 61. Kd4 Kf4 62. Rf2+ Kg5 63. Ke3 Nh1 64. Rg2 Ng3 65. Rg1 Kf6 66. Kf3 g5 67. Rxg3 hxg3 68. Kxg3 Ke5 69. h4 gxh4+ 70. Kxh4 Kf6 71. Kh5 Kg7 72. Kg5 Kf7 73. Kh6 Kg8 74. g5 Kh8 75. g6 Kg8 76. g7 1-0

[Event "44th Chess Olympiad Women 2022"]
[Site "Chennai"]
[Date "2022.08.06"]
[Round "8.55"]
[White "Park, Sunwoo"]
[Black "Malehloa, Likhomo"]
[Result "1/2-1/2"]
[WhiteElo "1773"]
[BlackElo "1322"]
[Annotator "NA RC"]
[PlyCount "110"]
[EventDate "2022.??.??"]
[TimeControl "60"]

1. e4 e6 2. d4 d5 3. Nd2 dxe4 4. Nxe4 Bd7 5. Nf3 Bc6 6. Bd3 Nd7 7. O-O Ngf6 8. Qe2 Be7 9. Bd2 O-O 10. Rad1 Re8 11. c4 b6 12. Bc1 Bb7 13.
Ne5 Qc8 14. Ng5 Rf8 15. Rfe1 Bb4 16. Rf1 h6 17. Ngf3 Bd6 18. Nxd7 Nxd7 19. Ne5 Nf6 20. Ng4 Nxg4 21. Qxg4 f5 22. Qh3 Qe8 23. f4 Qg6 24. Be2 c5 25. d5 exd5 26. cxd5 Qf6 27. Bc4 a6 28. Rfe1 Rae8 29. Re6 Rxe6 30. dxe6 Be7 31. Qc3 Qxc3 32. bxc3 Bc8 33. a4 g6 34. Bb2 Kh7 35. Kf2 Rd8 36. Rd5 Rxd5 37. Bxd5 b5 38. axb5 axb5 39. Ke3 g5 40. g3 Kg6 41. h3 Bf6 42. Ba3 Be7 43. c4 b4 44. Bc1 Bf6 45. Kd3 Bd4 46. g4 fxg4 47. hxg4 gxf4 48. Bxf4 Bg7 49. Bd6 Bd4 50. Be7 Kg7 51. Kc2 Be3 52. Kb3 Bd4 53.
Bd6 Be3 54. Be5+ Kf8 55. Bd6+ Kg7 1/2-1/2

[Event "44th Chess Olympiad Women 2022"]
[Site "Chennai"]
[Date "2022.08.06"]
[Round "8.55"]
[White "Thetsane Nteboheleng"]
[Black "You, Garam"]
[Result "0-1"]
[WhiteElo "1259"]
[BlackElo "1407"]
[Annotator "NA RC"]
[PlyCount "48"]
[EventDate "2022.??.??"]
[TimeControl "60"]

1. e4 c5 2. Nf3 g6 3. Nc3 Nc6 4. d4 cxd4 5. Nxd4 Nf6 6. Nb3 Bg7 7. Bc4 O-O 8. O-O d6 9. Bf4 a6 10. a4 Nb4 11. Rc1 Qc7 12. Qd4 e5 13.
Bxe5 dxe5 14. Bxf7+ Qxf7 15. Qxb4 Be6 16. Nc5 a5 17. Qb6 Bc4 18. Rfd1 Bh6 19. Ra1 Ng4 20. Nd3 Ra6 21. Qc5 Rc6 22. Qxa5 Bxd3 23. Rxd3 Qxf2+ 24. Kh1 Qf1+ 0-1

[Event "44th Chess Olympiad Women 2022"]
[Site "Chennai"]
[Date "2022.08.06"]
[Round "8.56"]
[White "Appau Abena Tiwaa"]
[Black "El Flow, Khuloud"]
[Result "0-1"]
[WhiteElo "1103"]
[BlackElo "1836"]
[Annotator "NA RC"]
[PlyCount "54"]
[EventDate "2022.??.??"]
[TimeControl "60"]

1. d4 Nf6 2. Nf3 d6 3. c3 g6 4. Bf4 Bg7 5. e3 Nh5 6. Bg3 Nxg3 7. hxg3 Bf5 8. Nbd2 O-O 9. e4 Bd7 10. Qb3 Qc8 11. Bc4 e6 12. O-O-O a6 13.
Kb1 b5 14. Bd3 c5 15. dxc5 dxc5 16. Qc2 c4 17. Be2 Qc5 18. Rdf1 Nc6 19. Qd1 Rfb8 20. Nxc4 bxc4 21. Qxd7 Qa3 22. Qd2 Bxc3 23. Kc1 Bxd2+ 24. Kxd2 Rxb2+ 25. Ke1 Qc3+ 26. Kd1 Rd8+ 27. Bd3 Rxd3+ 0-1

[Event "44th Chess Olympiad Women 2022"]
[Site "Chennai"]
[Date "2022.08.06"]
[Round "8.56"]
[White "Elfelo, Eklas"]
[Black "Felix, Tobi"]
[Result "0-1"]
[WhiteElo "1562"]
[BlackElo "1460"]
[Annotator "NA"]
[PlyCount "76"]
[EventDate "2022.??.??"]
[TimeControl "60"]

1. e4 c6 2. d4 d5 3. exd5 cxd5 4. Nf3 Nc6 5. Bd3 Bg4 6. c3 e6 7. Nbd2 Nf6 8. Qa4 Bd6 9. O-O O-O 10. Re1 a6 11. Ne5 Qc7 12. Ndf3 Bxf3 13. Nxf3 b5 14. Qc2 h6 15. h3 b4 16. Qe2 bxc3 17. bxc3 a5 18.
Ne5 Rfc8 19. Bf4 Bxe5 20. dxe5 Nd7 21. Qh5 Kf8 22. Re3 Ke8 23. Rae1 Ke7 24. Bg5+ hxg5 25. Qxg5+ Kf8 26. f4 Nc5 27. Bc2 Qe7 28. Qh5 Ke8 29. f5 Kd7 30. fxe6+ Nxe6 31. Rf1 Rh8 32. Qg4 Raf8 33. Rd3 Qc5+ 34. Kh2 Nxe5 35. Qa4+ Ke7 36. Rdd1 Qxc3 37. Rxd5 Qc7 38. Re1 Nf3+ 0-1

[Event "44th Chess Olympiad Women 2022"]
[Site "Chennai"]
[Date "2022.08.06"]
[Round "8.56"]
[White "Elfelo, Khadija"]
[Black "Dotse Dzidzor Esi"]
[Result "1-0"]
[WhiteElo "1875"]
[BlackElo "1195"]
[Annotator "NA RC"]
[PlyCount "117"]
[EventDate "2022.??.??"]
[TimeControl "60"]

1. e4 c6 2. d4 d5 3. exd5 cxd5 4. c4 Nf6 5. Nc3 Bf5 6. Nf3 e6 7. Be2 Bb4 8. Qa4+ Nc6 9. Ne5 Bxc3+ 10. bxc3 Qc7 11. Bf4 Qc8 12. c5 O-O 13. O-O Nxe5 14. Bxe5 Ne4 15. Qb4 a5 16. Qb2 a4 17. f3 a3 18. Qc1 Nf6 19. Bd6 Rd8 20. Bb5 Nd7 21. Qg5 h6 22. Qe7 Ra5 23.
c4 Bd3 24. Rfc1 dxc4 25. Bxc4 Bg6 26. Bb3 Re8 27. Qh4 Qd8 28. Qf4 Qf6 29. Qd2 Raa8 30. Qb4 Ra7 31. Ba4 Qd8 32. Qb5 Nf6 33. Rc3 Qa5 34. Qxa5 Rxa5 35. Bxe8 Nxe8 36. Be5 Ra4 37. Rb3 f6 38. Bg3 Rxd4 39. Rxb7 Rd2 40. Ra7 Rd3 41. c6 Rc3 42. c7 e5 43. Be1 Rxc7 44. Rxa3 Bf7 45. Ra8 Kh7 46. a4 Nd6 47. a5 Nb5 48.
a6 Bd5 49. Rd8 Bc6 50. Bf2 Na7 51. Rc1 Kg6 52. Bxa7 Rxa7 53. Rxc6 Kf5 54. Rb8 Rd7 55. Rc1 Ke6 56. Ra1 Ra7 57. Rb7 Rxa6 58. Rxa6+ Kf5 59. Rxg7 1-0

[Event "44th Chess Olympiad Women 2022"]
[Site "Chennai"]
[Date "2022.08.06"]
[Round "8.57"]
[White "Adhikari, Kritisara"]
[Black "Estur, Grace Co"]
[Result "1-0"]
[WhiteElo "1552"]
[BlackElo "1472"]
[Annotator "NA RC"]
[PlyCount "45"]
[EventDate "2022.??.??"]
[TimeControl "60"]

1. d4 d5 2. Bf4 e6 3. e3 b6 4. Nd2 Bb7 5. Ngf3 Nd7 6. Bd3 Ngf6 7. Qe2 a6 8. a4 c5 9. c3 Be7 10. O-O O-O 11. Rfe1 h6 12. h3 Ne8 13. e4 Bd6 14. e5 Bb8 15.
Bg3 Qc8 16. Bh4 Nc7 17. Nh2 Re8 18. Qg4 Ba7 19. Bf6 g5 20.
Qh5 Re7 21. Qxh6 Nxf6 22. exf6 e5 23. Qg7# 1-0